[ PARTIDA AOE2 · #468524697 ]
Team RMPortugueses vs Italians
[ ANÁLISIS DE REPETICIÓN · EXTRAÍDO DE LA PARTIDA GRABADA ]
Feudal
17:26
Castillos
21:47
Imperial
36:38
| APM promedio | 18.4 |
| APM pico | 45 |
| eAPM promedio | 9.9 |
| Aldeanos / militares | 100 / 24 |
Foco
⚔️ 12.0% · 🌾 88.0%
Organ Gun ×23 · Fishing Ship ×9 · Bombard Cannon ×1
Feudal
12:15
Castillos
16:10
Imperial
30:39
| APM promedio | 24.4 |
| APM pico | 81 |
| eAPM promedio | 16.3 |
| Aldeanos / militares | 110 / 225 |
Foco
⚔️ 29.3% · 🌾 70.7%
Skirmisher ×90 · Genoese Crossbowman ×87 · Hand Cannoneer ×35 · Fishing Ship ×14 · Bombard Cannon ×8 · Trebuchet (Packed) ×4
Feudal
16:14
Castillos
22:08
Imperial
—
| APM promedio | 48.9 |
| APM pico | 107 |
| eAPM promedio | 26.4 |
| Aldeanos / militares | 113 / 67 |
Foco
⚔️ 13.9% · 🌾 86.1%
Knight ×55 · Fishing Ship ×12 · Throwing Axeman ×4 · Mangonel ×3 · Fire Galley ×3 · Scout Cavalry ×2
Feudal
15:36
Castillos
20:12
Imperial
35:14
| APM promedio | 22.0 |
| APM pico | 45 |
| eAPM promedio | 12.5 |
| Aldeanos / militares | 101 / 60 |
Foco
⚔️ 28.7% · 🌾 71.3%
Spearman ×58 · Unknown (2550) ×25 · Fishing Ship ×7 · Mangonel ×2
Mapa de la partida
Recursos iniciales + cada clic de construcción. Líneas = muros · curvas = relieve. ◆ oro · ⬟ piedra · ● bayas · ✦ reliquia · ◌ hueco del cierre
Tu base· Abierta — hueco de 3t
Base de The GothFather· Abierta — hueco de 15t
Base de Claudio Lo Prete· Abierta — flanco sin cerrar
Base de Slap0r· Abierta — hueco de 13t
Terreno inicial suavizado · ◌ = hueco del cierre detectado · pasá el cursor para detalles
Inputs por minuto
— GrazyLocher - - The GothFather
Build order — GrazyLocher
Primeras 150 de 197 acciones detectadas
| 0:48 | Construir | Town Center |
| 1:54 | Construir | Town Center |
| 4:14 | Construir | House |
| 4:18 | Construir | House |
| 4:20 | Investigar | Loom |
| 4:21 | Crear | Villager (Male) |
| 4:21 | Crear | Villager (Male) |
| 4:21 | Crear | Villager (Male) |
| 4:22 | Crear | Villager (Male) |
| 4:22 | Crear | Villager (Male) |
| 6:41 | Construir | Dock |
| 6:53 | Crear | Villager (Male) |
| 6:53 | Crear | Villager (Male) |
| 7:13 | Crear | Villager (Male) |
| 7:54 | Crear | Villager (Male) |
| 7:54 | Crear | Villager (Male) |
| 8:24 | Crear | Villager (Male) |
| 8:24 | Crear | Villager (Male) |
| 8:43 | Crear | Fishing Ship |
| 8:53 | Construir | House |
| 8:57 | Construir | House |
| 9:17 | Crear | Villager (Male) |
| 9:17 | Crear | Villager (Male) |
| 9:17 | Crear | Villager (Male) |
| 10:35 | Crear | Villager (Male) |
| 10:35 | Crear | Villager (Male) |
| 10:35 | Crear | Villager (Male) |
| 10:35 | Crear | Villager (Male) |
| 10:36 | Crear | Villager (Male) |
| 10:49 | Crear | Fishing Ship |
| 10:49 | Crear | Fishing Ship |
| 11:22 | Crear | Fishing Ship |
| 11:33 | Crear | Villager (Male) |
| 11:33 | Crear | Villager (Male) |
| 11:33 | Crear | Villager (Male) |
| 11:39 | Crear | Fishing Ship |
| 12:00 | Crear | Villager (Male) |
| 12:01 | Crear | Villager (Male) |
| 12:15 | Crear | Villager (Male) |
| 12:27 | Construir | House |
| 13:06 | Crear | Fishing Ship |
| 13:07 | Crear | Fishing Ship |
| 13:16 | Construir | House |
| 13:18 | Construir | House |
| 14:16 | Construir | Mining Camp |
| 14:20 | Crear | Villager (Male) |
| 15:16 | Investigar | Feudal Age |
| 15:21 | Crear | Fishing Ship |
| 15:35 | Construir | House |
| 16:32 | Construir | Barracks |
| 17:06 | Construir | Mill |
| 17:26 | Edad | Edad Feudal |
| 17:37 | Construir | Blacksmith |
| 17:42 | Construir | Archery Range |
| 17:51 | Crear | Villager (Male) |
| 17:51 | Crear | Villager (Male) |
| 17:52 | Crear | Villager (Male) |
| 18:13 | Crear | Villager (Male) |
| 19:07 | Investigar | Castle Age |
| 19:28 | Construir | Lumber Camp |
| 20:32 | Investigar | Stone Mining |
| 20:35 | Investigar | Double-Bit Axe |
| 20:38 | Investigar | Horse Collar |
| 20:56 | Construir | Mining Camp |
| 21:47 | Edad | Edad de los Castillos |
| 21:58 | Crear | Fishing Ship |
| 22:24 | Construir | Town Center |
| 23:35 | Construir | Castle |
| 23:57 | Construir | Town Center |
| 24:18 | Investigar | Wheelbarrow |
| 24:19 | Crear | Villager (Male) |
| 24:19 | Crear | Villager (Male) ×5 |
| 24:19 | Crear | Villager (Male) ×5 |
| 24:28 | Investigar | Bow Saw |
| 25:18 | Crear | Villager (Male) |
| 25:18 | Crear | Villager (Male) |
| 25:19 | Crear | Villager (Male) |
| 25:19 | Crear | Villager (Male) |
| 25:19 | Crear | Villager (Male) |
| 25:55 | Construir | Mining Camp |
| 26:04 | Crear | Villager (Male) |
| 26:04 | Crear | Villager (Male) |
| 26:43 | Construir | Mill |
| 26:47 | Crear | Organ Gun |
| 26:47 | Crear | Organ Gun |
| 26:55 | Crear | Villager (Male) |
| 26:55 | Crear | Villager (Male) |
| 26:55 | Crear | Villager (Male) |
| 27:06 | Construir | Farm |
| 27:07 | Construir | Farm |
| 27:07 | Construir | Farm |
| 27:08 | Construir | Farm |
| 27:11 | Construir | Farm |
| 27:12 | Construir | Farm |
| 27:30 | Construir | Farm |
| 27:32 | Construir | Farm |
| 27:33 | Construir | Farm |
| 27:34 | Construir | Farm |
| 27:36 | Construir | Farm |
| 27:46 | Crear | Organ Gun |
| 27:46 | Crear | Organ Gun |
| 27:47 | Crear | Organ Gun |
| 28:09 | Crear | Villager (Male) |
| 28:09 | Crear | Villager (Male) |
| 28:12 | Crear | Villager (Male) |
| 28:14 | Crear | Villager (Male) |
| 28:42 | Crear | Villager (Male) |
| 28:51 | Construir | Farm |
| 29:21 | Construir | House |
| 29:22 | Construir | House |
| 29:22 | Construir | House |
| 29:23 | Construir | House |
| 29:25 | Construir | House |
| 29:35 | Construir | Farm |
| 29:36 | Construir | Farm |
| 29:39 | Investigar | Hand Cart |
| 29:40 | Crear | Villager (Male) |
| 29:43 | Crear | Villager (Male) |
| 29:43 | Crear | Villager (Male) |
| 29:58 | Construir | Farm |
| 30:02 | Construir | Farm |
| 30:09 | Construir | Farm |
| 30:10 | Construir | Farm |
| 30:13 | Construir | Farm |
| 30:14 | Construir | Farm |
| 30:15 | Construir | Farm |
| 30:16 | Construir | Farm |
| 30:17 | Construir | Farm |
| 30:19 | Crear | Villager (Male) |
| 30:20 | Crear | Villager (Male) |
| 30:20 | Crear | Villager (Male) |
| 30:31 | Crear | Villager (Male) |
| 30:31 | Crear | Villager (Male) |
| 30:56 | Crear | Villager (Male) |
| 30:59 | Crear | Villager (Male) |
| 31:01 | Crear | Villager (Male) |
| 31:27 | Crear | Organ Gun |
| 31:28 | Crear | Organ Gun |
| 31:40 | Construir | Building 665 |
| 31:54 | Construir | Stone Wall |
| 32:07 | Crear | Villager (Male) |
| 32:07 | Crear | Villager (Male) |
| 32:16 | Construir | Farm |
| 32:19 | Construir | Farm |
| 32:22 | Construir | Farm |
| 32:32 | Crear | Villager (Male) |
| 32:38 | Crear | Villager (Male) |
| 32:41 | Investigar | Gold Mining |
| 33:15 | Construir | University |
| 33:20 | Construir | Market |
Build order — The GothFather
Primeras 150 de 342 acciones detectadas
| 0:08 | Construir | House |
| 0:21 | Construir | Town Center |
| 0:40 | Construir | Dock |
| 2:34 | Crear | Villager (Male) |
| 2:35 | Crear | Villager (Male) |
| 2:35 | Crear | Villager (Male) |
| 2:35 | Crear | Villager (Male) |
| 2:35 | Crear | Villager (Male) |
| 2:36 | Crear | Villager (Male) |
| 3:16 | Crear | Villager (Male) |
| 3:16 | Crear | Villager (Male) |
| 3:35 | Crear | Fishing Ship |
| 3:36 | Crear | Fishing Ship |
| 4:18 | Construir | House |
| 4:34 | Investigar | Loom |
| 4:38 | Crear | Villager (Male) |
| 4:38 | Crear | Villager (Male) |
| 4:51 | Crear | Fishing Ship |
| 4:52 | Crear | Fishing Ship |
| 4:52 | Crear | Fishing Ship |
| 5:08 | Crear | Villager (Male) |
| 5:08 | Crear | Villager (Male) |
| 5:36 | Crear | Villager (Male) |
| 5:36 | Crear | Villager (Male) |
| 5:36 | Crear | Villager (Male) |
| 5:55 | Crear | Fishing Ship |
| 5:55 | Crear | Fishing Ship |
| 6:05 | Crear | Villager (Male) |
| 6:05 | Crear | Villager (Male) |
| 6:05 | Crear | Villager (Male) |
| 6:10 | Construir | House |
| 6:13 | Construir | House |
| 6:27 | Crear | Villager (Male) |
| 6:28 | Crear | Villager (Male) |
| 6:32 | Crear | Villager (Male) |
| 6:32 | Crear | Villager (Male) |
| 6:41 | Crear | Fishing Ship |
| 6:41 | Crear | Fishing Ship |
| 7:24 | Crear | Villager (Male) |
| 7:25 | Crear | Villager (Male) |
| 7:25 | Crear | Villager (Male) |
| 7:44 | Construir | Mill |
| 7:59 | Crear | Villager (Male) |
| 8:24 | Crear | Fishing Ship |
| 8:24 | Crear | Fishing Ship |
| 8:28 | Crear | Villager (Male) |
| 8:28 | Crear | Villager (Male) |
| 8:39 | Crear | Villager (Male) |
| 8:51 | Construir | House |
| 9:27 | Construir | Mining Camp |
| 9:45 | Investigar | Feudal Age |
| 10:55 | Crear | Villager (Male) |
| 10:56 | Crear | Villager (Male) |
| 11:35 | Construir | House |
| 11:44 | Crear | Villager (Male) |
| 12:15 | Edad | Edad Feudal |
| 12:17 | Construir | Market |
| 12:24 | Construir | Blacksmith |
| 13:00 | Construir | Mining Camp |
| 13:29 | Investigar | Castle Age |
| 14:21 | Construir | Outpost |
| 14:24 | Investigar | Town Watch |
| 14:32 | Crear | Fishing Ship |
| 14:32 | Crear | Fishing Ship |
| 14:51 | Construir | Lumber Camp |
| 15:36 | Investigar | Double-Bit Axe |
| 15:49 | Construir | Outpost |
| 16:02 | Crear | Villager (Male) |
| 16:10 | Edad | Edad de los Castillos |
| 16:27 | Construir | Outpost |
| 16:36 | Crear | Villager (Male) |
| 17:14 | Investigar | Wheelbarrow |
| 17:23 | Construir | House |
| 17:24 | Construir | House |
| 18:28 | Construir | Castle |
| 18:40 | Construir | House |
| 18:53 | Investigar | Fletching |
| 18:55 | Crear | Villager (Male) |
| 18:56 | Crear | Villager (Male) |
| 18:58 | Crear | Villager (Male) |
| 18:58 | Crear | Villager (Male) |
| 18:58 | Crear | Villager (Male) |
| 18:59 | Crear | Villager (Male) |
| 18:59 | Crear | Villager (Male) |
| 19:34 | Construir | Lumber Camp |
| 19:35 | Crear | Villager (Male) |
| 19:52 | Investigar | Bow Saw |
| 20:03 | Construir | Siege Workshop |
| 20:08 | Crear | Villager (Male) |
| 20:23 | Investigar | Bodkin Arrow |
| 20:25 | Crear | Villager (Male) |
| 20:30 | Construir | House |
| 20:34 | Construir | Stone Wall |
| 21:04 | Crear | Villager (Male) |
| 21:29 | Crear | Villager (Male) |
| 21:38 | Construir | Town Center |
| 21:54 | Crear | Villager (Male) |
| 21:55 | Crear | Villager (Male) |
| 21:55 | Crear | Villager (Male) |
| 22:02 | Investigar | Stone Mining |
| 22:05 | Investigar | Gold Mining |
| 22:10 | Crear | Villager (Male) |
| 22:25 | Crear | Villager (Male) |
| 22:29 | Crear | Genoese Crossbowman |
| 22:29 | Crear | Genoese Crossbowman |
| 22:29 | Crear | Genoese Crossbowman |
| 22:30 | Crear | Genoese Crossbowman |
| 22:30 | Crear | Genoese Crossbowman |
| 22:30 | Crear | Genoese Crossbowman |
| 23:04 | Construir | Farm |
| 23:04 | Construir | Farm |
| 23:05 | Construir | Farm |
| 23:13 | Construir | Farm |
| 23:13 | Construir | Farm |
| 23:14 | Construir | Farm |
| 23:14 | Construir | Farm |
| 23:14 | Construir | Farm |
| 23:16 | Construir | Farm |
| 23:25 | Crear | Villager (Male) |
| 23:26 | Crear | Villager (Male) |
| 23:26 | Crear | Villager (Male) |
| 23:26 | Crear | Villager (Male) |
| 23:27 | Crear | Villager (Male) |
| 23:27 | Crear | Villager (Male) |
| 23:27 | Crear | Villager (Male) |
| 23:27 | Crear | Villager (Male) |
| 23:28 | Crear | Villager (Male) |
| 23:28 | Crear | Villager (Male) |
| 23:35 | Construir | Farm |
| 23:35 | Construir | Farm |
| 23:37 | Construir | Farm |
| 23:37 | Construir | Farm |
| 23:37 | Construir | Farm |
| 23:38 | Construir | Farm |
| 23:38 | Construir | Farm |
| 23:38 | Construir | Farm |
| 23:38 | Construir | Farm |
| 23:39 | Construir | Farm |
| 23:39 | Construir | Farm |
| 23:39 | Construir | Farm |
| 23:40 | Construir | Farm |
| 23:40 | Construir | Farm |
| 23:40 | Construir | Farm |
| 23:40 | Construir | Farm |
| 23:41 | Construir | Farm |
| 23:41 | Construir | Farm |
| 23:41 | Construir | Farm |
| 23:41 | Construir | Farm |
| 23:42 | Construir | Farm |
| 23:42 | Construir | Farm |
Build order — Claudio Lo Prete
Primeras 150 de 268 acciones detectadas
| 0:39 | Construir | Dock |
| 1:16 | Construir | Town Center |
| 3:28 | Construir | House |
| 3:32 | Crear | Villager (Male) |
| 3:32 | Crear | Villager (Male) |
| 3:32 | Crear | Villager (Male) |
| 3:32 | Crear | Villager (Male) |
| 3:33 | Crear | Villager (Male) |
| 3:33 | Crear | Villager (Male) |
| 3:49 | Construir | House |
| 5:09 | Crear | Villager (Male) |
| 5:10 | Crear | Villager (Male) |
| 5:11 | Investigar | Loom |
| 5:16 | Crear | Fishing Ship |
| 5:23 | Construir | House |
| 5:36 | Crear | Villager (Male) |
| 5:36 | Crear | Villager (Male) |
| 6:26 | Crear | Villager (Male) |
| 6:26 | Crear | Villager (Male) |
| 6:41 | Crear | Fishing Ship |
| 7:10 | Crear | Villager (Male) |
| 7:11 | Crear | Villager (Male) |
| 7:11 | Crear | Villager (Male) |
| 7:12 | Crear | Villager (Male) |
| 7:43 | Construir | House |
| 7:52 | Crear | Villager (Male) |
| 7:52 | Crear | Villager (Male) |
| 8:13 | Crear | Villager (Male) |
| 8:13 | Crear | Villager (Male) |
| 8:14 | Crear | Villager (Male) |
| 8:38 | Crear | Villager (Male) |
| 8:38 | Crear | Villager (Male) |
| 8:41 | Crear | Fishing Ship |
| 9:10 | Crear | Villager (Male) |
| 9:10 | Crear | Villager (Male) |
| 9:10 | Crear | Villager (Male) |
| 9:10 | Crear | Villager (Male) |
| 9:14 | Construir | Mill |
| 9:44 | Construir | House |
| 10:00 | Crear | Fishing Ship |
| 10:16 | Construir | House |
| 10:35 | Construir | Mill |
| 10:51 | Crear | Villager (Male) |
| 11:11 | Crear | Villager (Male) |
| 11:14 | Crear | Fishing Ship |
| 11:37 | Crear | Villager (Male) |
| 11:39 | Crear | Fishing Ship |
| 12:05 | Crear | Villager (Male) |
| 12:15 | Construir | House |
| 12:20 | Crear | Fishing Ship |
| 12:37 | Construir | House |
| 12:41 | Crear | Villager (Male) |
| 12:45 | Crear | Fishing Ship |
| 13:03 | Crear | Villager (Male) |
| 13:06 | Crear | Fishing Ship |
| 13:21 | Construir | Lumber Camp |
| 13:39 | Crear | Villager (Male) |
| 13:41 | Investigar | Feudal Age |
| 14:17 | Construir | Barracks |
| 14:31 | Crear | Villager (Male) |
| 14:36 | Construir | Mining Camp |
| 14:48 | Crear | Fishing Ship |
| 15:35 | Crear | Villager (Male) |
| 15:37 | Crear | Fishing Ship |
| 16:14 | Edad | Edad Feudal |
| 16:22 | Construir | House |
| 16:30 | Construir | Blacksmith |
| 16:32 | Crear | Villager (Male) |
| 16:35 | Construir | House |
| 16:46 | Crear | Fishing Ship |
| 17:12 | Crear | Villager (Male) |
| 17:36 | Construir | Stable |
| 17:53 | Investigar | Double-Bit Axe |
| 18:08 | Construir | Stable |
| 18:13 | Crear | Villager (Male) |
| 18:14 | Crear | Villager (Male) |
| 18:41 | Investigar | Stone Mining |
| 18:56 | Crear | Villager (Male) |
| 19:02 | Investigar | Castle Age |
| 19:03 | Crear | Scout Cavalry |
| 19:08 | Construir | House |
| 19:19 | Crear | Villager (Male) |
| 19:45 | Construir | Stable |
| 19:49 | Crear | Villager (Male) |
| 19:59 | Construir | House |
| 19:59 | Construir | House |
| 20:03 | Construir | House |
| 20:15 | Crear | Villager (Male) |
| 20:22 | Investigar | Gold Mining |
| 20:31 | Construir | House |
| 20:37 | Crear | Villager (Male) |
| 21:11 | Investigar | Scale Barding Armor |
| 22:08 | Edad | Edad de los Castillos |
| 22:12 | Construir | Mill |
| 22:16 | Crear | Knight |
| 22:16 | Crear | Knight |
| 22:26 | Crear | Villager (Male) |
| 22:52 | Crear | Knight |
| 22:53 | Crear | Knight |
| 23:11 | Construir | Castle |
| 23:24 | Construir | Town Center |
| 23:29 | Crear | Villager (Male) |
| 23:52 | Crear | Knight |
| 23:52 | Crear | Knight |
| 23:57 | Crear | Villager (Male) |
| 24:14 | Construir | Mining Camp |
| 24:27 | Crear | Villager (Male) |
| 24:27 | Crear | Villager (Male) |
| 24:31 | Crear | Knight |
| 24:31 | Crear | Knight |
| 24:38 | Crear | Throwing Axeman |
| 24:38 | Crear | Throwing Axeman |
| 24:43 | Crear | Villager (Male) |
| 25:01 | Investigar | Husbandry |
| 25:04 | Investigar | Husbandry |
| 25:18 | Crear | Villager (Male) |
| 25:18 | Crear | Villager (Male) |
| 25:19 | Crear | Villager (Male) |
| 25:23 | Construir | Farm |
| 25:23 | Construir | Farm |
| 25:24 | Construir | Farm |
| 25:24 | Construir | Farm |
| 25:24 | Construir | Farm |
| 25:24 | Construir | Farm |
| 25:25 | Construir | Farm |
| 25:25 | Construir | Farm |
| 25:45 | Crear | Villager (Male) |
| 26:07 | Crear | Villager (Male) |
| 26:13 | Investigar | Wheelbarrow |
| 26:18 | Construir | Farm |
| 26:25 | Construir | Farm |
| 26:28 | Crear | Villager (Male) |
| 26:30 | Crear | Villager (Male) |
| 26:46 | Construir | Farm |
| 27:04 | Investigar | Forging |
| 27:28 | Construir | Siege Workshop |
| 27:32 | Crear | Villager (Male) |
| 27:32 | Crear | Villager (Male) |
| 27:33 | Crear | Villager (Male) |
| 27:34 | Crear | Villager (Male) |
| 27:46 | Construir | Farm |
| 27:47 | Crear | Villager (Male) |
| 27:48 | Crear | Villager (Male) |
| 28:41 | Construir | Castle |
| 28:46 | Crear | Mangonel |
| 28:47 | Crear | Mangonel |
| 29:03 | Crear | Villager (Male) |
| 29:04 | Crear | Villager (Male) |
| 29:10 | Crear | Villager (Male) |
| 29:10 | Crear | Villager (Male) |
Build order — Slap0r
Primeras 150 de 255 acciones detectadas
| 0:31 | Construir | Town Center |
| 2:33 | Crear | Villager (Male) |
| 2:33 | Crear | Villager (Male) |
| 2:34 | Crear | Villager (Male) |
| 2:34 | Crear | Villager (Male) |
| 2:34 | Crear | Villager (Male) |
| 3:10 | Construir | Dock |
| 3:19 | Construir | House |
| 3:21 | Construir | House |
| 3:27 | Investigar | Loom |
| 3:27 | Crear | Villager (Male) |
| 3:28 | Crear | Villager (Male) |
| 3:28 | Crear | Villager (Male) |
| 4:48 | Crear | Fishing Ship |
| 4:54 | Crear | Villager (Male) |
| 5:26 | Crear | Villager (Male) |
| 5:29 | Crear | Fishing Ship |
| 5:57 | Crear | Villager (Male) |
| 6:16 | Crear | Fishing Ship |
| 6:28 | Crear | Villager (Male) |
| 6:43 | Construir | House |
| 6:49 | Crear | Villager (Male) |
| 7:12 | Crear | Villager (Male) |
| 7:26 | Crear | Fishing Ship |
| 7:43 | Crear | Villager (Male) |
| 7:54 | Crear | Villager (Male) |
| 7:56 | Crear | Fishing Ship |
| 8:13 | Construir | House |
| 8:15 | Construir | House |
| 8:18 | Crear | Villager (Male) |
| 8:31 | Crear | Villager (Male) |
| 8:53 | Crear | Fishing Ship |
| 9:16 | Crear | Villager (Male) |
| 10:02 | Crear | Villager (Male) |
| 10:10 | Crear | Villager (Male) |
| 10:25 | Crear | Fishing Ship |
| 10:43 | Crear | Villager (Male) |
| 11:02 | Crear | Villager (Male) |
| 11:22 | Crear | Villager (Male) |
| 11:25 | Crear | Villager (Male) |
| 11:34 | Construir | Settlement |
| 11:44 | Construir | House |
| 11:47 | Construir | House |
| 11:49 | Construir | House |
| 11:51 | Crear | Villager (Male) |
| 12:04 | Construir | Settlement |
| 12:49 | Crear | Villager (Male) |
| 12:53 | Investigar | Feudal Age |
| 13:37 | Construir | Barracks |
| 14:13 | Crear | Villager (Male) |
| 14:13 | Crear | Villager (Male) |
| 15:17 | Crear | Villager (Male) |
| 15:36 | Edad | Edad Feudal |
| 15:41 | Construir | Market |
| 15:43 | Construir | Blacksmith |
| 16:30 | Construir | Farm |
| 16:32 | Construir | Farm |
| 16:33 | Construir | Farm |
| 17:32 | Investigar | Castle Age |
| 17:39 | Construir | Farm |
| 17:45 | Construir | Farm |
| 18:09 | Crear | Spearman |
| 18:10 | Crear | Spearman |
| 18:10 | Crear | Spearman |
| 18:10 | Crear | Spearman |
| 18:14 | Crear | Spearman |
| 18:14 | Crear | Spearman |
| 18:35 | Crear | Villager (Male) |
| 18:55 | Investigar | Tech 906 |
| 19:34 | Investigar | Wheelbarrow |
| 19:37 | Investigar | Double-Bit Axe |
| 19:40 | Investigar | Horse Collar |
| 19:54 | Crear | Villager (Male) |
| 19:54 | Crear | Villager (Male) |
| 19:56 | Crear | Spearman |
| 19:56 | Crear | Spearman |
| 20:12 | Edad | Edad de los Castillos |
| 20:47 | Investigar | Pikeman (upgrade) |
| 20:47 | Investigar | Squires |
| 21:04 | Investigar | Forging |
| 21:06 | Investigar | Scale Mail Armor |
| 21:29 | Construir | Castle |
| 21:46 | Construir | Farm |
| 21:47 | Construir | Farm |
| 21:47 | Construir | Farm |
| 21:47 | Construir | Farm |
| 21:48 | Construir | Farm |
| 21:48 | Construir | Farm |
| 22:00 | Crear | Villager (Male) |
| 22:01 | Crear | Villager (Male) |
| 22:01 | Crear | Villager (Male) |
| 22:21 | Construir | Building 487 |
| 22:25 | Construir | Stone Wall |
| 22:34 | Investigar | Fletching |
| 22:41 | Investigar | Arson |
| 22:54 | Construir | Settlement |
| 23:02 | Crear | Villager (Male) |
| 23:29 | Construir | Town Center |
| 24:04 | Investigar | Bow Saw |
| 24:24 | Crear | Villager (Male) |
| 24:24 | Crear | Villager (Male) |
| 24:26 | Crear | Villager (Male) |
| 24:33 | Construir | Settlement |
| 25:07 | Investigar | Hand Cart |
| 25:27 | Crear | Spearman |
| 25:27 | Crear | Spearman |
| 25:28 | Crear | Spearman |
| 25:28 | Crear | Spearman |
| 25:30 | Crear | Villager (Male) |
| 25:30 | Crear | Villager (Male) |
| 25:31 | Crear | Villager (Male) |
| 25:32 | Crear | Villager (Male) |
| 25:32 | Crear | Villager (Male) |
| 26:02 | Construir | Town Center |
| 26:09 | Crear | Villager (Male) |
| 26:10 | Crear | Villager (Male) |
| 26:34 | Construir | Building 796 |
| 26:50 | Construir | University |
| 26:58 | Construir | Building 796 |
| 27:35 | Crear | Spearman |
| 27:36 | Crear | Spearman |
| 27:36 | Crear | Spearman |
| 27:52 | Construir | Building 665 |
| 28:03 | Construir | Stone Wall |
| 28:32 | Crear | Spearman |
| 28:32 | Crear | Spearman |
| 28:37 | Investigar | Heavy Plow |
| 28:38 | Crear | Villager (Male) |
| 28:38 | Crear | Villager (Male) |
| 28:39 | Crear | Villager (Male) |
| 28:39 | Crear | Villager (Male) |
| 28:39 | Crear | Villager (Male) |
| 28:40 | Crear | Villager (Male) |
| 28:40 | Crear | Villager (Male) |
| 28:40 | Crear | Villager (Male) |
| 28:41 | Crear | Villager (Male) |
| 28:41 | Crear | Villager (Male) |
| 28:41 | Crear | Villager (Male) |
| 28:42 | Crear | Villager (Male) |
| 29:10 | Investigar | Iron Casting |
| 29:14 | Construir | Farm |
| 29:14 | Construir | Farm |
| 29:14 | Construir | Farm |
| 29:15 | Construir | Farm |
| 29:15 | Construir | Farm |
| 29:15 | Construir | Farm |
| 29:19 | Construir | Farm |
| 29:19 | Construir | Farm |
| 29:19 | Construir | Farm |
| 29:20 | Construir | Farm |
Cronología de la partida
| 0:39 | Claudio Lo Prete · first_building Dock |
| 0:40 | The GothFather · first_building Dock |
| 3:10 | Slap0r · first_building Dock |
| 6:41 | GrazyLocher · first_building Dock |
| 12:15 | The GothFather · age_up feudal |
| 13:37 | Slap0r · first_building Barracks |
| 14:17 | Claudio Lo Prete · first_building Barracks |
| 15:36 | Slap0r · age_up feudal |
| 16:10 | The GothFather · age_up castle |
| 16:14 | Claudio Lo Prete · age_up feudal |
| 16:32 | GrazyLocher · first_building Barracks |
| 16:49 | The GothFather · first_market_buy 100 wood |
| 17:26 | GrazyLocher · age_up feudal |
| 17:36 | Claudio Lo Prete · first_building Stable |
| 17:42 | GrazyLocher · first_building Archery Range |
| 18:28 | The GothFather · first_building Castle |
| 20:03 | The GothFather · first_building Siege Workshop |
| 20:12 | Slap0r · age_up castle |
| 20:34 | The GothFather · wall_segment Stone Wall x9 |
| 21:29 | Slap0r · first_building Castle |
| 21:47 | GrazyLocher · age_up castle |
| 22:08 | Claudio Lo Prete · age_up castle |
| 22:25 | Slap0r · wall_segment Stone Wall x5 |
| 23:06 | Slap0r · first_market_sell 100 food |
| 23:11 | Slap0r · first_market_buy 100 stone |
| 23:11 | Claudio Lo Prete · first_building Castle |
| 23:35 | GrazyLocher · first_building Castle |
| 27:00 | The GothFather · first_market_sell 100 wood |
| 27:28 | Claudio Lo Prete · first_building Siege Workshop |
| 27:49 | The GothFather · first_building Monastery |
| 28:03 | Slap0r · wall_segment Stone Wall x4 |
| 29:20 | The GothFather · first_building Barracks |
| 30:39 | The GothFather · age_up imperial |
| 31:20 | Slap0r · first_building Siege Workshop |
| 31:54 | GrazyLocher · wall_segment Stone Wall x7 |
| 32:17 | Slap0r · wall_segment Stone Wall x1 |
| 32:22 | The GothFather · first_building Archery Range |
| 32:33 | Slap0r · wall_segment Stone Wall x10 |
| 35:14 | Slap0r · age_up imperial |
| 35:21 | GrazyLocher · first_building Siege Workshop |
| 36:38 | GrazyLocher · age_up imperial |
| 37:09 | GrazyLocher · first_market_sell 100 food |
| 40:50 | GrazyLocher · resign |
[ ANÁLISIS IA · 1 CRÉDITO ]
¿Qué pasó realmente en esta partida?
Wolo.gg analiza cada decisión: build order, eco, micro, errores típicos por bracket. Análisis personalizado por WhatsApp o Discord en 30 segundos.
Guía civ
Portugueses
Guía mapa
Nomad
Perfil
Jugador #793942